 Dungeon Crawl Stone Soup version 0.20-a0-454-g2b43fbb (webtiles) character file.

127 Kidiri the Magician (level 4, -7/24 HPs)
             Began as a Deep Elf Fire Elementalist on Jan 6, 2017.
             Mangled by a dream sheep (27 damage)
             ... on level 3 of the Dungeon on Jan 9, 2017.
             The game lasted 00:07:40 (2609 turns).

Kidiri the Magician (Deep Elf Fire Elementalist)    Turns: 2609, Time: 00:07:41

Health: -7/24      AC:  2    Str:  5    XL:     4   Next: 85%
Magic:  7/13       EV: 13    Int: 21    God:
Gold:   130        SH:  0    Dex: 15    Spells: 4/13 levels left

rFire  . . .     SeeInvis .     g - +0 dagger
rCold  . . .     Gourm    .     a - +0 robe
rNeg   . . .     Faith    .     (no shield)
rPois  .         Spirit   .     (no helmet)
rElec  .         Reflect  .     (no cloak)
rCorr  +         Harm     .     (no gloves)
MR     .....                    (no boots)
Stlth  ++........               (no amulet)
                                (no ring)
                                o - ring of resist corrosion

@: sleeping
A: no striking features
a: no special abilities


You were on level 3 of the Dungeon.
You were not hungry.

You visited 1 branch of the dungeon, and saw 3 of its levels.

You collected 130 gold pieces.

Inventory:

Hand Weapons
 g - a +0 dagger (weapon)
Armour
 a - a +0 robe (worn)
 m - a +0 shield
Jewellery
 o - a ring of resist corrosion (left hand)
Scrolls
 e - 3 scrolls of remove curse
 h - a scroll of identify
Potions
 f - a potion of curing
 i - a potion of berserk rage
 j - a potion of heal wounds {unknown}
 k - a potion of degeneration {unknown}
Books
 b - a book of Flames

   Spells                             Type                      Level
   a - Flame Tongue                   Conjuration/Fire             1
   b - Throw Flame                    Conjuration/Fire             2
   c - Conjure Flame                  Conjuration/Fire             3
   d - Inner Flame                    Hexes/Fire                   3
   e - Sticky Flame                   Conjuration/Fire             4
   f - Fireball                       Conjuration/Fire             5
Comestibles
 c - 2 bread rations
 d - a beef jerky
 l - 8 chunks of flesh


   Skills:
 - Level 2.4 Dodging
 - Level 2.4 Stealth
 * Level 5.0 Spellcasting
 + Level 2.5 Conjurations
 + Level 4.4 Fire Magic


You had 4 spell levels left.
You knew the following spells:

 Your Spells              Type           Power        Failure   Level  Hunger
a - Flame Tongue          Conj/Fire      ###..        2%          1    None
b - Throw Flame           Conj/Fire      ###...       4%          2    None
c - Conjure Flame         Conj/Fire      ###.....     10%         3    ##.....
d - Inner Flame           Hex/Fire       ##......     17%         3    ##.....


Dungeon Overview and Level Annotations

Branches:
Dungeon (3/15)

Altars:
Ashenzari
Makhleb
Ru
Xom

Annotations:
D:3 azzavlup's ghost, amateur TeBe


Message History

Found a shimmering altar of Xom.
Casting: Flame Tongue
Confirm with . or Enter, or press ? or * to list all spells.
Aiming: Flame Tongue
Press: ? - help, Shift-Dir - straight line, f - dream sheep
Aim: a dream sheep (covered in liquid flames, fleeing, inner flame)
The flame tongue hits the dream sheep.
The dream sheep is moderately wounded.
Your attack snaps the dream sheep out of its fear.
The dream sheep bleats! x4
The dream sheep burns! x5
The dream sheep are wreathed in dream dust.
You feel drowsy...
You fall asleep.
The dream sheep burns! x16
The dream sheep explodes!
The dream sheep burns! x4
The dream sheep explodes!
The dream sheep bites you!!
Ouch! That really hurt!
You die...

##############......#########
....[........'..(....§§§....#
##############.......§§§.##.#
'.......# #.......§§§###.#
#######.. #..(......Y..).# #
#.## #..........##### #..#
#..(.....§§# #.##
#....._...§#
#####..###..@Y...Y§§#
#......))(..........#
#.......÷)..........# ##
#...................# .#
#..........##.#.....# ...#
#..........##.#####.##.#.#
#..........##.#......#.#.#
#..........##.#.###..#.#.#
#..........##.....#....#.#


You could see 3 dream sheep.

Vanquished Creatures
  An orc priest (D:3)
  2 adders
  An ooze (D:3)
  3 worms (D:2)
  2 dart slugs
  2 orcs (D:3)
  3 giant cockroaches
  6 goblins
  11 hobgoblins
  3 jackals (D:2)
  4 kobolds
  4 quokkas
  8 bats
  3 frilled lizards
  7 rats
60 creatures vanquished.

Vanquished Creatures (others)
  2 dream sheep (D:3)
2 creatures vanquished.

Grand Total: 62 creatures vanquished

Notes
Turn   | Place    | Note
-------+----------+-------------------------------------------
     0 | D:1      | Kidiri the Deep Elf Fire Elementalist began the quest for the Orb.
     0 | D:1      | Reached XP level 1. HP: 10/10 MP: 6/6
     0 | D:1      | Upgraded the game from 0.20-a0-443-g0464b71 to 0.20-a0-454-g2b43fbb
   221 | D:1      | Reached XP level 2. HP: 14/15 MP: 4/8
   226 | D:1      | Learned a level 2 spell: Throw Flame
   886 | D:2      | Reached XP level 3. HP: 16/19 MP: 2/10
   891 | D:2      | Learned a level 3 spell: Conjure Flame
   895 | D:2      | Learned a level 3 spell: Inner Flame
  1050 | D:2      | Reached skill level 4 in Spellcasting
  1189 | D:2      | Found a sacrificial altar of Ru.
  1460 | D:2      | Found a burning altar of Makhleb.
  2025 | D:3      | Reached XP level 4. HP: 22/24 MP: 6/12
  2273 | D:3      | Found a shattered altar of Ashenzari.
  2369 | D:3      | Noticed azzavlup's ghost (amateur TeBe)
  2564 | D:3      | Reached skill level 5 in Spellcasting
  2604 | D:3      | Found a shimmering altar of Xom.
  2604 | D:3      | Noticed a dream sheep
  2604 | D:3      | Noticed a dream sheep
  2604 | D:3      | Noticed a dream sheep
  2604 | D:3      | Noticed a dream sheep
  2604 | D:3      | Noticed a dream sheep
  2609 | D:3      | Killed a dream sheep
  2609 | D:3      | Killed a dream sheep
  2609 | D:3      | Mangled by a dream sheep

Vault maps used:
D:1:      onia_arrival_larder
D:2:      marbit_many_paths, nicolae_ru_path_of_blood
D:3:      grunt_temple_overflow_forces_of_nature, overflow_temple_1_default,
          kb_xom_exploding_sheep

Skill      XL: |  1  2  3  4 |
---------------+-------------+-----
Spellcasting   | 4 5 |  5.0
Conjurations   | 2 |  2.5
Fire Magic     | 4 |  4.4
Dodging        | |  2.4
Stealth        | |  2.4

Action                   |  1- 3 |  4- 6 || total
-------------------------+-------+-------++-------
Melee: Unarmed           |     1 |       ||     1
       Club              |     8 |       ||     8
       Long sword        |       |     5 ||     5
       Dagger            |       |     3 ||     3
 Cast: Flame Tongue      |    71 |    25 ||    96
       Throw Flame       |     1 |     1 ||     2
       Conjure Flame     |       |     1 ||     1
  Use: Scroll            |     6 |       ||     6
 Stab: Sleeping          |     2 |     1 ||     3
  Eat: Chunk             |     3 |     2 ||     5
Armor: Robe              |     6 |     3 ||     9
Dodge: Dodged            |    19 |    18 ||    37
       Rpst.: Long sword |       |     2 ||     2
